AoeStats
← Caronte

Arena

509714393Analyzed
4v4 RM · 6d ago on Sep 27, 2026· 56m 0s· 8 players
Game mode
Random Map
Map size
Large (8 player)
Population
200
Speed
Normal
Resources
Standard
Victory
Conquest
Starting age
Dark Age
Ending age
Imperial Age
RankedLock teamsTeams togetherTeam positionsShared explorationLock speedFull tech treeHidden civsTurbo modeCheats
Victory
Defeat
🇦🇷 Persians · Argentina
951
+15
🇹🇷 Turks · Türkiye
905
+17
🇩🇪 Hindustanis · Germany
899
+17
🇩🇪 Magyars · Germany
892
+19
🇨🇳 Romans · China
938
-17
🇦🇷 Ethiopians · Argentina
931
-17
🇩🇪 Ethiopians · Germany
929
-17
🇪🇸 Celts · Spain
927
-17
Pedro Ángel
2:25 Loom
10:28 Feudal Age
11:21 Double-Bit Axe
11:17 Horse Collar
16:42 Castle Age
17:41 Wheelbarrow
20:37 Heavy Plow
25:15 Bow Saw
26:41 Hand Cart
27:11 Stone Mining
27:18 Gold Mining
31:55 Imperial Age
30:14 Ballistics
30:38 Gold Shaft Mining
31:36 Stone Shaft Mining
31:37 Fortified Wall
32:59 Furor Celtica
32:16 Heavy Scorpion
32:27 Capped Ram
33:07 Pikeman
34:51 Chemistry
34:28 Siege Ram
36:45 Elite Woad Raider
40:34 Sappers
41:24 Forging
41:14 Scale Mail Armor
47:46 Iron Casting
47:26 Chain Mail Armor
46:39 Halberdier
54:04 Blast Furnace
53:35 Plate Mail Armor
schanzer
10:35 Feudal Age
11:04 Double-Bit Axe
11:48 Loom
15:53 Castle Age
15:18 Fletching
15:50 Horse Collar
16:45 Bow Saw
21:05 Elite Skirmisher
24:01 Town Watch
26:14 Wheelbarrow
25:25 Crossbowman
26:18 Gold Mining
26:22 Stone Mining
27:50 Hand Cart
27:58 Thumb Ring
28:20 Ballistics
29:12 Padded Archer Armor
29:30 Heavy Plow
29:34 Town Patrol
30:57 Gold Shaft Mining
31:24 Stone Shaft Mining
35:15 Imperial Age
35:19 Arbalester
35:57 Bodkin Arrow
36:17 Leather Archer Armor
36:07 Halberdier
36:47 Squires
38:05 Two-Man Saw
39:26 Bracer
39:56 Ring Archer Armor
41:06 Forging
40:56 Scale Mail Armor
40:56 Arson
40:58 Elite Shotel Warrior
43:17 Ring Archer Armor
43:22 Iron Casting
43:03 Chain Mail Armor
48:08 Chemistry
48:10 Blast Furnace
47:41 Plate Mail Armor
53:03 Heated Shot
53:25 Fortified Wall
53:11 Murder Holes
53:27 Masonry
52:56 Onager
种过两年田
10:16 Feudal Age
11:55 Town Watch
14:25 Castle Age
12:33 Double-Bit Axe
13:30 Horse Collar
16:22 Bow Saw
17:12 Loom
22:00 Wheelbarrow
21:33 Heavy Plow
26:43 Imperial Age
28:39 Chemistry
28:02 Ballistics
28:09 Heavy Scorpion
30:02 Masonry
32:46 Ballistas
33:48 Capped Ram
37:56 Forging
37:46 Scale Mail Armor
37:51 Murder Holes
38:28 Architecture
38:04 Siege Engineers
38:32 Fortified Wall
39:14 Iron Casting
39:37 Chain Mail Armor
38:44 Pikeman
39:24 Squires
39:25 Halberdier
Caronte
10:25 Feudal Age
11:41 Wheelbarrow
10:56 Double-Bit Axe
10:53 Horse Collar
17:41 Castle Age
16:06 Stone Mining
16:23 Scale Mail Armor
17:38 Forging
18:55 Hand Cart
18:25 Town Watch
20:18 Bow Saw
21:21 Heavy Plow
24:04 Elite Skirmisher
24:43 Fletching
26:26 Padded Archer Armor
28:55 Gold Mining
32:10 Imperial Age
30:23 Leather Archer Armor
30:26 Thumb Ring
30:22 Crossbowman
31:43 Ballistics
32:14 Bodkin Arrow
32:56 Town Patrol
33:59 Conscription
35:11 Chemistry
34:34 Caravan
34:04 Arbalester
35:47 Bracer
36:35 Arson
36:51 Squires
37:27 Heavy Scorpion
39:16 Iron Casting
38:57 Chain Mail Armor
40:03 Halberdier
42:05 Plate Mail Armor
42:36 Blast Furnace
42:36 Elite Shotel Warrior
43:01 Capped Ram
46:34 Scale Barding Armor
47:30 Blast Furnace
47:00 Ring Archer Armor
46:11 Heavy Camel Rider
46:52 Husbandry
Wurzelsepp
11:33 Feudal Age
15:29 Castle Age
13:49 Horse Collar
14:17 Double-Bit Axe
15:15 Loom
16:53 Bow Saw
18:33 Scale Barding Armor
19:20 Heavy Plow
19:39 Town Watch
21:46 Wheelbarrow
21:40 Town Watch
24:42 Chain Barding Armor
25:18 Gold Mining
25:17 Man-at-Arms
27:00 Hand Cart
27:49 Bloodlines
27:40 Husbandry
28:45 Gold Shaft Mining
32:01 Imperial Age
29:09 Light Cavalry
30:21 Corvinian Army
31:57 Masonry
32:23 Elite Magyar Huszar
34:07 Conscription
33:26 Onager
34:55 Crop Rotation
39:04 Plate Barding Armor
40:54 Hussar
42:50 Capped Ram
43:37 Fletching
43:48 Padded Archer Armor
45:10 Stone Mining
45:42 Leather Archer Armor
45:22 Bodkin Arrow
45:51 Ballistics
46:31 Chemistry
47:05 Thumb Ring
47:26 Parthian Tactics
47:04 Bracer
47:35 Ring Archer Armor
47:07 Recurve Bow
49:15 Heavy Cavalry Archer
50:23 Scale Mail Armor
53:06 Siege Engineers
Double May
10:16 Feudal Age
11:50 Loom
14:38 Castle Age
12:33 Double-Bit Axe
12:34 Horse Collar
21:41 Bow Saw
23:06 Heavy Plow
31:10 Imperial Age
29:57 Wheelbarrow
29:08 Town Watch
30:01 Forging
29:57 Scale Barding Armor
29:56 Gold Mining
29:56 Stone Mining
30:10 Town Patrol
31:53 Conscription
32:15 Iron Casting
32:00 Chain Barding Armor
31:11 Cavalier
32:13 Husbandry
32:31 Bloodlines
33:47 Crop Rotation
34:29 Blast Furnace
33:04 Savar
34:22 Gold Shaft Mining
34:22 Stone Shaft Mining
36:05 Plate Barding Armor
35:49 Onager
40:25 Two-Man Saw
46:26 Light Cavalry
48:27 Caravan
49:43 Elite War Elephant
51:42 Hussar
Sole
0:27 Loom
10:54 Feudal Age
17:07 Castle Age
15:42 Stone Mining
16:27 Double-Bit Axe
23:31 Gold Mining
23:24 Horse Collar
24:31 Wheelbarrow
25:06 Bow Saw
24:54 Treadmill Crane
26:10 Fletching
26:29 Padded Archer Armor
33:04 Imperial Age
31:28 Gold Shaft Mining
31:41 Bodkin Arrow
32:21 Leather Archer Armor
32:30 Heavy Plow
32:53 Forging
32:50 Scale Barding Armor
34:07 Ballistics
34:31 Conscription
34:20 Husbandry
34:31 Bloodlines
35:08 Hand Cart
41:59 Two-Man Saw
40:57 Murder Holes
41:13 Masonry
41:08 Bracer
41:27 Caravan
43:33 Ring Archer Armor
51:08 Architecture
Jimmy Levy (GEO)
12:02 Feudal Age
17:38 Castle Age
15:41 Double-Bit Axe
15:37 Horse Collar
18:58 Bow Saw
20:31 Loom
23:00 Heavy Plow
25:41 Wheelbarrow
26:02 Gold Mining
27:25 Gold Shaft Mining
27:27 Hand Cart
30:40 Imperial Age
27:56 Town Watch
29:47 Stone Mining
30:32 Fortified Wall
30:31 Scale Barding Armor
32:32 Two-Man Saw
31:37 Caravan
32:35 Hoardings
32:00 Grand Trunk Road
32:21 Conscription
32:25 Chain Barding Armor
32:06 Scale Mail Armor
32:16 Forging
33:56 Stone Shaft Mining
34:07 Plate Barding Armor
33:49 Bloodlines
33:40 Husbandry
33:19 Light Cavalry
34:21 Chain Mail Armor
34:07 Padded Archer Armor
34:11 Hussar
35:42 Iron Casting
37:42 Chemistry
36:48 Siege Engineers
36:30 Heavy Camel Rider
38:09 Coinage
38:22 Leather Archer Armor
37:58 Imperial Camel Rider
39:59 Blast Furnace
39:04 Fletching
39:36 Ballistics
41:18 Ring Archer Armor
41:00 Masonry
41:02 Elite Ghulam
42:46 Bodkin Arrow
43:10 Town Patrol
42:51 Elite Skirmisher
43:35 Bracer
50:59 Shatagni
51:03 Pikeman
51:44 Squires
51:29 Arson
51:42 Murder Holes
Connection lost

Rejoining the realm…

Still unreachable

The connection could not be restored.

Session expired

The server has moved on; the page needs a fresh start.